 Dungeon Crawl Stone Soup version 0.31-a0-702-gf82c85558f (webtiles) character file.

Game seed: 5073907389695891533

92 qw the Shooter (level 4, -5/28 HPs)
             Began as a Gargoyle Hunter on Sept 8, 2023.
             Slain by an ogre
             ... wielding a +0 giant spiked club
              (12 damage)
             ... on level 3 of the Dungeon.
             The game lasted 00:00:44 (2380 turns).

qw the Shooter (Gargoyle Hunter)                    Turns: 2380, Time: 00:00:44

Health: -5/28      AC:  9    Str: 15    XL:     4   Next: 60%
Magic:  4/4        EV: 11    Int:  9    God:
Gold:   100        SH:  0    Dex: 15    Spells: 3/3 levels left

rFire   . . .        Y - +0 shortbow
rCold   . . .        (shield currently unavailable)
rNeg    + . .        f - +0 ring mail
rPois   inf          (no helmet)
rElec   +            d - +0 cloak
rCorr   .            (no gloves)
SInv    .            (no boots)
Will    .....        (no amulet)
Stlth   +            (no ring)
HPRegen 0.24/turn    (no ring)
MPRegen 0.09/turn

%: no passive effects
@: about to teleport
A: sickness immunity, AC +3, negative energy resistance 1, electricity
resistance, torment resistance 1, petrification resistance
a: no special abilities


You were on level 3 of the Dungeon.
You visited 1 branch of the dungeon, and saw 3 of its levels.

You collected 100 gold pieces.


Innate Abilities, Weirdness & Mutations

You are immune to sickness and miasma.
Your stone body is resilient. (AC +3)
You are immune to poison.
You resist negative energy. (rN+)
You are resistant to electric shocks. (rElec)
You are resistant to unholy torment.
You are immune to petrification.


   Skills:
 - Level 3.0 Fighting
 + Level 5.4 Ranged Weapons
 - Level 1.0 Armour
 - Level 1.5 Dodging
 - Level 1.1 Stealth


You had 3 spell levels left.
You didn't know any spells.
Your spell library was empty.

Inventory:

Hand Weapons
 Y - a +0 shortbow (weapon)
Armour
 d - a +0 cloak (worn)
 f - a +0 ring mail (worn)
Scrolls
 a - 3 scrolls of enchant weapon {unknown}
 b - a scroll of identify
 c - 2 scrolls of noise {unknown}
 i - a scroll of amnesia {unknown}
Potions
 e - a potion of mutation {unknown}
 h - a potion of heal wounds {unknown}

Dungeon Overview and Level Annotations

Branches:
Dungeon (3/15)

Altars:
Cheibriados


Message History

Things that are here:
a +0 club; a goblin corpse As you open the door, it creaks loudly!
A kobold comes into view. It is wielding a +0 club.
The kobold shouts!
An ogre comes into view. It is wielding a +0 giant spiked club.
You shoot an arrow. The ogre shouts!
The arrow hits the kobold.
The kobold is severely wounded.
You shoot an arrow. The arrow hits the kobold.
You kill the kobold!
An endoplasm comes into view.
You shoot an arrow. The arrow hits the ogre.
The ogre is lightly wounded.
You shoot an arrow. The arrow closely misses the ogre.
The arrow hits the endoplasm.
The endoplasm is lightly wounded.
You shoot an arrow. The arrow hits the ogre.
The ogre is lightly wounded.
You shoot an arrow. The arrow hits the ogre.
The ogre is moderately wounded.
The ogre closely misses you.
You shoot an arrow. The arrow hits the ogre.
The ogre is heavily wounded.
The ogre barely misses you.
You shoot an arrow. The arrow hits the ogre.
The ogre is heavily wounded.
The ogre hits you with a +0 giant spiked club!!
Ouch! That really hurt!
2378 ||| READING scroll of teleportation.
As you read the scroll of teleportation, it crumbles to dust.
You feel strangely unstable.
You shoot an arrow. The arrow hits the ogre.
The ogre is heavily wounded.
The ogre barely misses you.
You shoot an arrow. The arrow hits the ogre.
The ogre is severely wounded.
The ogre hits you with a +0 giant spiked club!
You die...

##########.##.# #.%##.##
#..)...# #.###..# +#
#)##...# ... # #.##...#
.... # # #.##.#.# .....
##.######.#....###..)...
................@OJ.....
#...#####......###......
..#.# ####.### .....
#...# #.# .... ##### #.#
... # #.# +# # #.# #.#
#.#


You could see an ogre and an endoplasm.

Vanquished Creatures
  2 adders (D:2)
  A worm (D:3)
  3 dart slugs
  9 bats
  11 endoplasms
  A giant cockroach (D:2)
  3 goblins
  2 hobgoblins
  4 jackals (D:2)
  7 quokkas
  2 ball pythons (D:1)
  4 frilled lizards
  6 kobolds
  6 rats
61 creatures vanquished.

Notes
Turn   | Place    | Note
-------+----------+-------------------------------------------
     0 | D:1      | qw the Gargoyle Hunter began the quest for the Orb.
     0 | D:1      | Reached XP level 1. HP: 12/12 MP: 1/1
     0 | D:1      | 0 ||| qw: Version: 0.3-a-76-g4403597
     0 | D:1      | 0 ||| qw: Game counter: 1092
     0 | D:1      | 0 ||| qw: Melee chars always use a shield: true
     0 | D:1      | 0 ||| qw: God list: Okawaru
     0 | D:1      | 0 ||| qw: Allow faded altars: false
     0 | D:1      | 0 ||| qw: Do Orc after clearing Dungeon:15 true
     0 | D:1      | 0 ||| qw: Do second Lair branch before Depths: true
     0 | D:1      | 0 ||| qw: Lair rune preference: random
     0 | D:1      | 0 ||| qw: Goals: Normal
     0 | D:1      | 0 ||| PLANNING D:1-11
   239 | D:1      | Reached XP level 2. HP: 17/17 MP: 2/2
   529 | D:1      | Reached XP level 3. HP: 21/21 MP: 3/3
   729 | D:1      | Reached skill level 5 in Ranged Weapons
   850 | D:1      | 850 ||| UPGRADING to +0 cloak.
   855 | D:1      | 855 ||| UPGRADING to +0 ring mail.
   865 | D:1      | 865 ||| DROPPING +0 leather armour.
   866 | D:1      | 866 ||| READING scroll labelled XEALUMU ZIEMP.
   867 | D:1      | 867 ||| READING scroll labelled AFIFOR JUPNEO.
   968 | D:1      | 968 ||| READING scroll labelled ATUSYFRI XAVYA.
   969 | D:1      | 969 ||| DROPPING scroll of butterflies.
  1048 | D:2      | Reached skill level 1 in Armour
  1156 | D:2      | Reached XP level 4. HP: 27/27 MP: 4/4
  1218 | D:2      | Reached skill level 3 in Fighting
  1814 | D:2      | 1814 ||| READING scroll labelled GEBEYFAU ROENLIB.
  1817 | D:2      | 1817 ||| DRINKING 2 fizzy inky potions.
  1835 | D:2      | 1835 ||| DROPPING potion of lignification.
  2062 | D:3      | Found a snail-covered altar of Cheibriados.
  2369 | D:3      | Noticed an ogre
  2377 | D:3      | HP: 7/28 [ogre/+0 giant spiked club (21)]
  2378 | D:3      | 2378 ||| READING scroll of teleportation.
  2380 | D:3      | Slain by an ogre

Levels and vault maps discovered:
D:1:      matt_arrival_diagonals, layout_loops_corners, minmay_misc_feat_iff
D:2:      layout_basic, minmay_bisected
D:3:      layout_loops_corners, mainiacjoe_overflow_surrounded_room,
          yredelemnul_forgotten_temple_becter, minmay_misc_feat_rugged

Skill      XL: |  1  2  3  4 |
---------------+-------------+-----
Ranged Weapons | 5 |  5.4
Armour         | 1 |  1.0
Fighting       | 3 |  3.0
Dodging        | |  1.5
Stealth        | |  1.1

Action                     |  1- 3 |  4- 6 || total
---------------------------+-------+-------++-------
   Fire: Shortbow          |   108 |    69 ||   177
    Use: Scroll            |     3 |     2 ||     5
         Potion            |       |     1 ||     1
 Armour: Leather armour    |    18 |       ||    18
         Ring mail         |    40 |     8 ||    48
  Dodge: Dodged            |    69 |    14 ||    83

Table legend:
 A = Non-vault XP
 B = Vault XP
 C = Vault XP percentage of total XP
 D = Non-vault monster count
 E = Vault monster count
 F = Vault count percentage of total count
                 A         B        C        D         E       F
            +---------+---------+-------+---------+---------+-------
      Total |     113 |      19 |  14.4 |      57 |       4 |   6.6
            +---------+---------+-------+---------+---------+-------
        D:1 |      44 |       0 |   0.0 |      28 |       0 |   0.0
        D:2 |      43 |      19 |  30.6 |      16 |       4 |  20.0
        D:3 |      26 |       0 |   0.0 |      13 |       0 |   0.0
            +---------+---------+-------+---------+---------+-------
